[Event "10th Cesme Open-A 2024"]
[Site "Cesme"]
[Date "2024.06.24"]
[Round "2"]
[White "Ince, Taylan Ruzgar"]
[Black "Isik, Alparslan"]
[Result "0-1"]
[ECO "E04"]
[WhiteElo "2243"]
[BlackElo "2469"]
[Annotator "TA"]
[PlyCount "87"]
[EventDate "2024.06.23"]
[EventType "swiss"]
[EventCountry "TUR"]
[SourceTitle "playchess.com"]
[Source "ChessBase"]
[SourceQuality "1"]
[TimeControl "5400+30"]

1. d4 d5 2. c4 e6 3. Nf3 Nf6 4. g3 dxc4 5. Bg2 a6 6. O-O Nc6 7. e3 Rb8 8. Qe2 b5 9. b3 cxb3 10. axb3 {[%emt 0:00:30] The position is equal.} Rb6 11. Bb2 Be7 12. Rc1 {[%emt 0:03:30][%mdl 1024] White has compensation.} Bb7 13. Nbd2 O-O 14. e4 Nb4 15. e5 Nd7 16. Ne4 Rc6 17. Bc3 Qa8 18. Nfd2 (18. Rd1 $11 {remains equal.}) 18... Nd5 $17 {[%emt 0:01:30] White is now going downhill.} 19. Bb2 Rxc1+ 20. Rxc1 Rc8 21. h4 c5 22. Nd6 (22. dxc5 $17 {was called for.} Bxc5 (22... Nxc5 23. Nd6 $15) 23. Qg4) 22... Bxd6 $19 23. exd6 cxd4 24. Rxc8+ Qxc8 25. Bxd4 Qc6 26. Ne4 {[%emt 0:02:44] [#]} e5 $1 27. Bb2 f5 28. Qh5 $2 (28. Ng5 Nc3 (28... Qxd6 29. Qh5 $11) 29. Qf1 Qxg2+ 30. Qxg2 Bxg2 31. Kxg2) 28... fxe4 29. Bxe4 Qxd6 {[%emt 0:09:59] White must now prevent ...N5f6.} 30. Qxh7+ Kf7 {[%emt 0:00:15] [#] ...N7f6 is the strong threat.} 31. h5 Nf8 {[%emt 0:02:26] Wards off Bg6+} 32. Qf5+ Qf6 33. Qg4 Bc6 34. Bb1 Ne7 35. f4 Qd6 {[%emt 0:01:25] Hoping for ...Qd2.} 36. Bxe5 Qc5+ 37. Kf1 Qc1+ 38. Ke2 Qxb1 39. Qxg7+ Ke8 {[%emt 0:00:30] ( -> ...Qc2+)} 40. Bf6 Qc2+ {[%emt 0:01:27] Black mates.} 41. Ke1 Qc1+ 42. Ke2 Nf5 43. Qa7 Nxg3+ 44. Kd3 {[%emt 0:00:04] Weighted Error Value: White=0.81/Black=0.38.  Mistake:       	White=3     	---        Inaccurate:     	White=3     	---        OK:         	White=7     	Black=14     Best:        	---       	Black=2      Strong:       	---       	Black=1} 0-1

[Event "10th Cesme Open-A 2024"]
[Site "Cesme"]
[Date "2024.06.24"]
[Round "2"]
[White "Caputcuoglu, Zeki Berke"]
[Black "Fromm, Marius"]
[Result "0-1"]
[ECO "B90"]
[WhiteElo "2239"]
[BlackElo "2465"]
[Annotator "TA"]
[PlyCount "50"]
[EventDate "2024.06.23"]
[EventType "swiss"]
[EventCountry "TUR"]
[SourceTitle "playchess.com"]
[Source "ChessBase"]
[SourceQuality "1"]
[TimeControl "5400+30"]

1. e4 c5 2. Nf3 d6 3. d4 cxd4 4. Nxd4 Nf6 5. Nc3 a6 6. Be3 e5 7. Nb3 Be6 8. h3 Be7 9. Qf3 Nbd7 10. g4 {[%emt 0:01:30] The position is equal.} Nb6 11. O-O-O Rc8 {[%emt 0:00:30][%cal Oc8c3] Inhibits Nc5.} 12. Kb1 {[%emt 0:06:30] [#]} (12. Bxb6 $11 Qxb6 13. g5) 12... Rxc3 $1 $17 13. bxc3 Na4 {[%emt 0:01:30][%cal Of6e4] Threatens to win with ...Nxe4!} 14. Bd2 {[%emt 0:03:30] [#]} d5 $1 {[%emt 0:11:30] Strongly threatening ...Qd6. Black is more active.} 15. Bd3 O-O 16. g5 {[%emt 0:06:30] [#]} (16. Rhg1 $17) 16... Qd6 $1 $19 {[%emt 0:02:30][%cal Od6a3] ( -> ...Qa3!)} 17. Bb5 $2 (17. gxf6 $2 Qa3 18. Bc1 Nxc3+ 19. Ka1 Qxa2#) (17. Ka1 dxe4 18. Bxe4 Nxe4 19. Qxe4) 17... Nxe4 {[%emt 0:13:30] Black is clearly winning.} 18. Bxa4 b5 (18... Bxg5 $2 {too greedy.} 19. Bxg5 Nxg5 20. Qe3 $18) (18... Qa3 $2 19. h4 $19) 19. Bxb5 axb5 20. Bc1 Ra8 {[%emt 0:01:30][%cal Od6a6] White must now prevent ...Qa6!} 21. Rd3 Qa6 (21... Bxg5 22. Bxg5 (22. Qxe4 $2 Qa6 $19) 22... Nxg5 23. Qe3 $19) 22. a3 Bxa3 23. Bxa3 Qxa3 24. Rhd1 Nxg5 25. Qe3 d4 {[%emt 0:01:30] White did not feel at home in the position after the opening.   Weighted Error Value: White=0.98/Black=0.09 (flawless) .  Mistake:       	White=3     	---        Inaccurate:     	White=1     	---        OK:         	White=4     	Black=3      Best:        	White=1     	Black=1      Strong:       	---       	Black=2      Brilliant:      	---       	Black=1} ({Less strong is} 25... Nxh3 26. Rxd5 Bxd5 27. Rxd5 $17) 0-1

[Event "10th Cesme Open-A 2024"]
[Site "Cesme"]
[Date "2024.06.24"]
[Round "2"]
[White "Kirilmaz, Emre"]
[Black "Domalchuk-Jonasson, Aleksandr"]
[Result "1-0"]
[ECO "D31"]
[WhiteElo "2195"]
[BlackElo "2380"]
[Annotator "RC"]
[PlyCount "140"]
[EventDate "2024.06.23"]
[EventType "swiss"]
[EventCountry "TUR"]
[SourceTitle "playchess.com"]
[Source "ChessBase"]
[SourceQuality "1"]
[TimeControl "5400+30"]

1. d4 d5 2. c4 e6 3. Nc3 a6 4. cxd5 exd5 5. Nf3 h6 6. Bf4 Nf6 7. e3 Bd6 8. Ne5 O-O 9. Be2 Re8 10. Bf3 c6 11. O-O Qe7 12. Na4 Nbd7 13. Nxd7 Bxd7 14. Bxd6 Qxd6 15. Nc5 Bc8 16. Rc1 b6 17. Na4 Rb8 18. Rc3 Bd7 19. Qc2 g6 20. Rc1 Rec8 21. h3 a5 22. Rb3 Bf5 23. Qd2 Nd7 24. g4 Be6 25. Rbc3 Nf6 26. b3 Kg7 27. Nb2 c5 28. dxc5 bxc5 29. Na4 Rb5 30. Be2 Ne4 31. Qb2 d4 32. exd4 Nxc3 33. Nxc3 Rb4 34. d5 Kh7 35. dxe6 Qxe6 36. Qc2 Rd4 37. Bc4 Qf6 38. Ne2 Rd7 39. Qc3 Qg5 40. Qe3 Qh4 41. Qg3 Qf6 42. Qf4 Qe7 43. Nc3 Rd4 44. Qxf7+ Qxf7 45. Bxf7 Rf8 46. Bc4 Rd2 47. Rf1 Rf3 48. Ne4 Rxa2 49. Kg2 Rf8 50. Rd1 a4 51. Rd7+ Kh8 52. bxa4 Rxa4 53. Bd5 Rf4 54. Nxc5 Ra5 55. Rd8+ Kh7 56. Bg8+ Kh8 57. Bb3+ Kh7 58. Rd7+ Kh8 59. Ne6 Rf6 60. Nd4 Ra8 61. Bd5 Ra4 62. Rd8+ Kh7 63. Rd7+ Kh8 64. Nf3 Rb4 65. g5 Rf5 66. Be6 Ra5 67. gxh6 Rh5 68. Bg4 Rxh6 69. Ng5 Kg8 70. Be6+ Kf8 1-0

[Event "10th Cesme Open-A 2024"]
[Site "Cesme"]
[Date "2024.06.24"]
[Round "2"]
[White "Selbes, Tamer Tarik"]
[Black "Ozsakallioglu, Okan"]
[Result "0-1"]
[ECO "A11"]
[WhiteElo "2183"]
[BlackElo "2402"]
[Annotator "RC"]
[PlyCount "90"]
[EventDate "2024.06.23"]
[EventType "swiss"]
[EventCountry "TUR"]
[SourceTitle "playchess.com"]
[Source "ChessBase"]
[SourceQuality "1"]
[TimeControl "5400+30"]

1. Nf3 d5 2. g3 c6 3. Bg2 Bg4 4. c4 Nf6 5. O-O e6 6. h3 Bh5 7. d4 Nbd7 8. cxd5 exd5 9. Nc3 Be7 10. Nh4 O-O 11. Nf5 Bg6 12. Nxe7+ Qxe7 13. Bd2 Rfe8 14. a4 Ne4 15. Bf3 Nxc3 16. Bxc3 Be4 17. a5 Bxf3 18. exf3 Nf8 19. Qb3 Qd7 20. Kg2 Ne6 21. h4 c5 22. dxc5 Nxc5 23. Qb4 Ne6 24. Rad1 Rac8 25. Rd2 Rc5 26. Rfd1 Qc6 27. Qb3 Rd8 28. Bb4 Rb5 29. Qa3 d4 30. Rd3 Rdd5 31. b3 h6 32. Rc1 Qd7 33. Rc4 g5 34. Qc1 gxh4 35. Qxh6 Rh5 36. Rdxd4 Nxd4 37. Qf8+ Kh7 38. Rc8 Kg6 39. Qg8+ Kf6 40. Rd8 h3+ 41. Kh1 Qf5 42. Rd6+ Ne6 43. Qd8+ Kg7 44. Bc3+ Re5 45. Bxe5+ Qxe5 0-1

[Event "10th Cesme Open-A 2024"]
[Site "Cesme"]
[Date "2024.06.24"]
[Round "2"]
[White "Zakirov, Musa"]
[Black "Rasulov, Vugar"]
[Result "0-1"]
[ECO "B33"]
[WhiteElo "2112"]
[BlackElo "2557"]
[Annotator "TA"]
[PlyCount "112"]
[EventDate "2024.06.23"]
[EventType "swiss"]
[EventCountry "TUR"]
[SourceTitle "playchess.com"]
[Source "ChessBase"]
[SourceQuality "1"]
[TimeControl "5400+30"]

1. e4 c5 2. Nf3 Nc6 3. d4 cxd4 4. Nxd4 Qb6 5. Nb3 Nf6 6. Nc3 e6 7. Bd3 a6 8. Be3 Qc7 9. Na4 (9. O-O $14) 9... b5 $11 10. Nb6 Rb8 11. Nxc8 {[%emt 0:02:30] The position is equal.} Rxc8 12. O-O d5 13. exd5 Nxd5 14. a4 Bd6 15. axb5 axb5 16. Bxb5 {[%emt 0:00:00] This pair of bishops is nice.} O-O 17. Bxc6 Nxe3 18. fxe3 Qxc6 19. Nd4 Qb6 20. Rb1 g6 21. c3 Qc7 22. h3 Qc5 23. Kh1 Bb8 24. Qe2 e5 25. Nf3 e4 26. Nd4 h5 27. Qf2 Qg5 28. Ne2 Rcd8 29. Rbd1 {[%emt 0:01:30] Inhibits Rd2.} Qe5 30. g3 {[%emt 0:02:30] Threatens to win with Rxd8.} Rd6 (30... Qe6 {is more complex.} 31. Kg2 Rd3 32. Rxd3 exd3 33. Nd4 Qb6) 31. Rxd6 Qxd6 32. Nf4 Qd7 33. Qg2 (33. Nxg6 {feels hotter.} Qxh3+ 34. Kg1 Bxg3 35. Ne7+) 33... Re8 34. c4 Kg7 (34... Bxf4 $11 35. gxf4 Qd3) 35. Rc1 ({Better is} 35. b4 $14) 35... h4 36. c5 Bc7 37. c6 Qf5 38. g4 Qb5 39. Qe2 Qb3 40. Qf2 Be5 41. Ng2 Rd8 {[%emt 0:02:30] Threatening ...g5.} 42. Nxh4 {[%emt 0:01:41] [#]} (42. Nf4 $11) 42... Rh8 {[%emt 0:00:30] Black is more active.} (42... Rd1+ $1 $17 43. Rxd1 Qxd1+ 44. Kg2 Qc1) 43. c7 $1 Rc8 (43... Bxb2 $2 44. Rb1 (44. c8=Q Rxc8 45. Rxc8 Qd1+ 46. Qg1 Qd5 $18) (44. c8=R Bxc1 45. Rxc1 Rd8 $18) 44... Rc8 45. Qxb2+ $18 (45. Rxb2 Qd1+ 46. Kh2 Rxc7 $18)) 44. Ng2 (44. Rc5 {looks sharper.} Bd6 45. Rc1 Rxc7 46. Rxc7 Bxc7 47. Ng2) 44... Rxc7 45. Rxc7 Bxc7 {[%emt 0:00:30][%mdl 4096] Endgame. KQB-KQN} 46. Nf4 Bb6 47. Ng2 Qd1+ 48. Qe1 $1 Qf3 (48... Qxe1+ $15 49. Nxe1 Bxe3) 49. Qc3+ Kh7 50. Kg1 Ba7 51. Qb3 Bd4 (51... Qxh3 $2 52. Qxf7+ Kh8 53. Qf8+ (53. Qxa7 Qxg4 54. Qd4+ Kg8 $18) (53. Qxg6 Bxe3+ 54. Nxe3 Qh1+ 55. Kxh1 $11) 53... Kh7 54. Qe7+ Kh8 55. Qxa7 $18) 52. Qa3 $2 (52. Qc2 $11 Bxe3+ 53. Nxe3 Qxe3+ 54. Qf2) 52... Be5 $2 (52... Qd1+ $19 53. Kf2 Be5) 53. Qc5 $2 {[%emt 0:00:32][%mdl 8192] [#]} (53. Qb3 $11) 53... Qd1+ $1 (53... Bxb2 54. Qd5 $11) 54. Kf2 Bh2 (54... Bxb2 55. Qe7 $11) 55. Nf4 Qg1+ (55... Bg1+ $142 56. Kg2 Qe1 57. Qc2 Bxe3 (57... Qxe3 58. Nd5 $11) 58. Ne2 Qf2+ 59. Kh1 Bf4 60. Nxf4 Qxc2 61. Ng2 f5 (61... Qxb2 {gets mated.} 62. Kg1 Qd4+ 63. Kf1 e3 64. Nxe3 Qxe3 65. g5 Kg7 66. Kg2 f6 67. h4 f5 68. Kf1 f4 69. h5 f3 70. h6+ Kf7 71. h7 Qe2+ 72. Kg1 Qg2#) 62. gxf5 gxf5 63. Kg1 Qd2 (63... Qxb2 64. h4 Qd2 65. Kh2 Qf2 66. Kh3 e3 67. Nxe3 Qxe3+ 68. Kh2 Qf2+ 69. Kh1 f4 70. h5 f3 71. h6 Qg2#) 64. h4 f4 (64... Qxb2 {leads to mate.} 65. h5 Kh6 66. Kf1 Qd2 67. Nh4 Kxh5 68. Nxf5 Kg4 69. Kg1 Kxf5 70. Kf1 Kg4 71. Kg1 Kf3 72. Kh1 Qg2#) 65. h5 f3 (65... Qxb2 66. Nxf4 Qc1+ 67. Kf2 Qxf4+ 68. Ke2 e3 69. Kd3 Kh6 70. Ke2 Qe4 71. Kd1 Qg2 72. Ke1 Qf2+ 73. Kd1 Qd2#) 66. Nh4 Qe1+ (66... Qxb2 67. h6 Qe2 68. Kh1 f2 69. Kh2 f1=Q+ 70. Kg3 Qff2+ 71. Kh3 Qh2#) 67. Kh2 Qxh4+ 68. Kg1 Qg3+ (68... Qxh5 69. Kf2 Qh2+ 70. Ke3 f2 71. Ke2 f1=Q+ 72. Kxf1 e3 73. Ke1 Qf2+ 74. Kd1 Qd2#) 69. Kf1 Qg2+ 70. Ke1 Qe2#) 56. Ke2 $19 {[%emt 0:00:30] Hoping for Qf8.} Bxf4 {[%emt 0:00:30] Weighted Error Value: White=0.35/Black=0.30.  Loses game:     	White=2     	---        Missed win:     	---       	Black=1      Mistake:       	White=2     	Black=3      Inaccurate:     	White=2     	Black=3      OK:         	White=16    	Black=19     Best:        	White=1     	Black=1      Strong:       	White=2     	Black=1} 0-1

[Event "10th Cesme Open-A 2024"]
[Site "Cesme"]
[Date "2024.06.24"]
[Round "2"]
[White "Isgenderova, Hayale"]
[Black "Bernadskiy, Vitaliy"]
[Result "0-1"]
[ECO "B30"]
[WhiteElo "2103"]
[BlackElo "2563"]
[Annotator "TA"]
[PlyCount "68"]
[EventDate "2024.06.23"]
[EventType "swiss"]
[EventCountry "TUR"]
[SourceTitle "playchess.com"]
[Source "ChessBase"]
[SourceQuality "1"]
[TimeControl "5400+30"]

1. e4 c5 2. Nf3 Nc6 3. Bb5 e6 4. O-O Nge7 5. Re1 a6 6. Bxc6 Nxc6 7. d3 Be7 8. Nbd2 O-O 9. h3 {[%emt 0:01:30] Black is slightly better.} d5 10. exd5 exd5 11. d4 Qb6 12. dxc5 Bxc5 13. Re2 Bf5 14. Nb3 d4 15. Nh4 Be6 16. Qd3 (16. Nxc5 $11 Qxc5 17. Re1) 16... Be7 (16... Bxb3 $15 17. axb3 Nb4) 17. Qg3 (17. Nf3 $1 $11) 17... Qb5 $17 18. Re4 Qh5 {[%emt 0:00:30] Prevents Bh6. Hoping for ...Bxb3.} 19. Nf3 $1 Bf5 20. Re2 Rad8 $36 {[%emt 0:02:30][%mdl 2048] White is under pressure.} 21. Bf4 (21. Na5 $5 Bf6 (21... Nxa5 22. Rxe7 Nc6 23. Rxb7 $11) 22. Nxc6 bxc6 23. Bf4 $17) 21... d3 22. cxd3 Rxd3 23. Re3 ({White should try} 23. Rxe7 $1 $11 Nxe7 24. Bd6) 23... Rd5 (23... Rfd8 $15) 24. Bg5 (24. Rxe7 $11 {keeps the balance.} Nxe7 25. Bd6) 24... f6 {[%emt 0:02:00] Black is more active.} 25. Bf4 g5 26. Rae1 (26. Bc7 $17 {was worth a try.}) 26... Bb4 $19 {[%emt 0:01:30][%cal Og8h8] A strong pair of Bishops.} 27. Rc1 {[%emt 0:00:06] [#]} (27. Rf1 $142) 27... Rc8 $1 28. a3 Bf8 29. h4 h6 30. Nfd2 Rd7 {[%emt 0:01:30][%cal Oh5g6] ...Qg6! would now be deadly.} (30... Qxh4 31. Qxh4 gxh4 32. Rce1) 31. Nc4 $2 {[%emt 0:01:46][%mdl 8192] This move loses the game for White.} (31. Ne4 $17 {is tougher.} Rd1+ (31... Qxh4 $2 32. Qxh4 gxh4 33. Nxf6+ Kf7 34. Nxd7 $18) 32. Rxd1 Qxd1+ 33. Kh2 Bxe4 34. Rxe4) 31... Nd4 {[%emt 0:01:30] [#] aiming for ...Nxb3. Black is clearly winning.} (31... Qxh4 $2 {too greedy.} 32. Qxh4 gxh4 33. Nb6 $18) 32. hxg5 (32. Nb6 $142 Rxc1+ 33. Nxc1) 32... hxg5 {[%emt 0:00:30][%cal Oc8c4] Threatens to win with ...Rxc4!} 33. Nxd4 Rxd4 34. Bc7 Rh4 {[%emt 0:00:30] Weighted Error Value: White=0.79/Black=0.17 (very precise) .  Loses game:     	White=1     	---        Mistake:       	White=7     	Black=2      Inaccurate:     	---       	Black=3      OK:         	White=12    	Black=10     Best:        	---       	Black=3      Strong:       	White=1     	---} 0-1

[Event "10th Cesme Open-A 2024"]
[Site "Cesme"]
[Date "2024.06.24"]
[Round "2"]
[White "Anacak, Hasan Gunes"]
[Black "Kilic, Eray"]
[Result "0-1"]
[ECO "B90"]
[WhiteElo "2095"]
[BlackElo "2443"]
[Annotator "TA"]
[PlyCount "72"]
[EventDate "2024.06.23"]
[EventType "swiss"]
[EventCountry "TUR"]
[SourceTitle "playchess.com"]
[Source "ChessBase"]
[SourceQuality "1"]
[TimeControl "5400+30"]

1. e4 c5 2. Nf3 d6 3. d4 cxd4 4. Nxd4 Nf6 5. Nc3 a6 6. Qd3 Nbd7 7. a4 g6 8. Nb3 {[%emt 0:09:30] The position is equal.} Bg7 9. f4 O-O 10. Be2 Qc7 11. a5 (11. g4 $14) 11... b5 $11 {[%emt 0:04:30] Threatens to win with ...Bb7.} 12. axb6 Nxb6 13. Na5 Rd8 14. O-O d5 {[%emt 0:16:30] ...dxe4 would now be deadly.} 15. e5 Ng4 (15... d4 $1 $11 16. Ne4 Nxe4 17. Qxe4 Bf5) 16. h3 $16 Nh6 (16... Qc5+ 17. Kh1 Nxe5 (17... Nf2+ $2 18. Rxf2 Qxf2 19. Be3 $18) 18. fxe5 Bxe5 19. Qf3) 17. g4 f6 18. exf6 $1 exf6 {[%emt 0:00:30] [#]} 19. Bf3 (19. f5 $1 $16 ) 19... Be6 (19... f5 $11) 20. Ne2 (20. Re1 $16 Bf7 21. Rd1) 20... f5 $11 21. g5 Nf7 22. h4 Nc4 23. Nxc4 dxc4 24. Qe3 Bd5 25. Bxd5 Rxd5 26. Bd2 (26. h5 $11) 26... Qc6 {[%emt 0:01:30] Black is more active.} (26... Bxb2 $17 27. Ra2 Qd7) 27. Bc3 Re8 $36 {[%emt 0:00:00][%mdl 2048] Black has the initiative.} 28. Qf2 Bf8 {[%emt 0:00:00] ...Bc5 is the strong threat.} 29. Kh2 Nd6 30. Nd4 {[%emt 0:00:17] [#] Now White is beyond hope.} ({White should play} 30. Ng3 $15) 30... Qd7 $1 $19 {[%emt 0:00:30] White must now prevent ...Ne4.} 31. Rxa6 (31. Nf3 $142) 31... Ne4 32. Qg1 Bc5 33. Rd1 Rd8 34. Qf1 Bxd4 35. Qxc4 Bxc3 36. Ra8 $2 (36. Qxd5+ Qxd5 37. Rxd5 Rxd5 38. bxc3) 36... Bd2 {[%emt 0:00:00] Weighted Error Value: White=0.50/Black=0.20 (precise) .  Mistake:       	White=7     	Black=3      Inaccurate:     	---       	Black=2      OK:         	White=9     	Black=10     Best:        	White=3     	Black=6      Strong:       	White=1     	Black=1} ({Inferior is} 36... Bxb2 37. Rxd5 (37. Qxd5+ Qxd5 38. Rxd8+ Qxd8 $11) 37... Rxa8 38. Rxd7+ Kh8 39. Qf7 Nxg5 40. hxg5 h5 41. Qh7#) 0-1

[Event "10th Cesme Open-A 2024"]
[Site "Cesme"]
[Date "2024.06.24"]
[Round "2"]
[White "Kavri, Yusuf Eren"]
[Black "Haznedaroglu, Kivanc"]
[Result "1/2-1/2"]
[ECO "D37"]
[WhiteElo "2059"]
[BlackElo "2359"]
[Annotator "RC"]
[PlyCount "42"]
[EventDate "2024.06.23"]
[EventType "swiss"]
[EventCountry "TUR"]
[SourceTitle "playchess.com"]
[Source "ChessBase"]
[SourceQuality "1"]
[TimeControl "5400+30"]

1. d4 Nf6 2. c4 e6 3. Nc3 Bb4 4. Qc2 c5 5. dxc5 O-O 6. Nf3 Bxc5 7. Bf4 b6 8. e3 Bb7 9. Be2 d5 10. cxd5 Nxd5 11. Nxd5 Bxd5 12. O-O Nd7 13. Rfd1 Nf6 14. a3 Qc8 15. b4 Be7 16. Qb2 Qb7 17. Rac1 Rac8 18. h3 h6 19. Be5 Rxc1 20. Rxc1 Rc8 21. Rc3 Bf8 1/2-1/2

[Event "10th Cesme Open-A 2024"]
[Site "Cesme"]
[Date "2024.06.24"]
[Round "2"]
[White "Topuz, Mirac Melih"]
[Black "Erten, Kerem"]
[Result "0-1"]
[ECO "D85"]
[WhiteElo "2055"]
[BlackElo "2277"]
[Annotator "RC"]
[PlyCount "74"]
[EventDate "2024.06.23"]
[EventType "swiss"]
[EventCountry "TUR"]
[SourceTitle "playchess.com"]
[Source "ChessBase"]
[SourceQuality "1"]
[TimeControl "5400+30"]

1. d4 Nf6 2. c4 g6 3. Nc3 d5 4. cxd5 Nxd5 5. e4 Nxc3 6. bxc3 Bg7 7. Nf3 c5 8. Bb5+ Nc6 9. Bxc6+ bxc6 10. O-O O-O 11. Ba3 cxd4 12. cxd4 Bg4 13. Bc5 Qa5 14. h3 Bxf3 15. Qxf3 Rfe8 16. Qe3 e5 17. d5 cxd5 18. exd5 e4 19. Rab1 Rad8 20. d6 Qxa2 21. Rfd1 Rd7 22. Rb4 Qc2 23. Rd2 Qc1+ 24. Kh2 Rc8 25. Bxa7 Rxa7 26. d7 Rd8 27. Rxe4 Raa8 28. Re8+ Bf8 29. Re4 Qc7+ 30. g3 Rxd7 31. Re2 Rdd8 32. h4 h5 33. Qg5 Ra5 34. Qe3 Qc6 35. Qb3 Ra1 36. Qf3 Rdd1 37. R2e3 Rh1+ 0-1

[Event "10th Cesme Open-A 2024"]
[Site "Cesme"]
[Date "2024.06.24"]
[Round "2"]
[White "Zerey, Demhat"]
[Black "Yurtseven, Melih"]
[Result "1/2-1/2"]
[ECO "D02"]
[WhiteElo "2038"]
[BlackElo "2333"]
[Annotator "RC"]
[PlyCount "79"]
[EventDate "2024.06.23"]
[EventType "swiss"]
[EventCountry "TUR"]
[SourceTitle "playchess.com"]
[Source "ChessBase"]
[SourceQuality "1"]
[TimeControl "5400+30"]

1. d4 Nf6 2. Bf4 d5 3. e3 g6 4. Nf3 Bg7 5. Be2 O-O 6. h3 b6 7. O-O Bb7 8. a4 c5 9. Nbd2 Nc6 10. Ne5 Nd7 11. Nxc6 Bxc6 12. c3 e5 13. dxe5 Nxe5 14. Nf3 Nc4 15. Qc2 Qe7 16. Rfd1 Rfe8 17. b3 Nd6 18. Bxd6 Qxd6 19. Bb5 a6 20. Bxc6 Qxc6 21. Rd2 Rad8 22. Rad1 Rd7 23. c4 Red8 24. cxd5 Rxd5 25. Rxd5 Rxd5 26. Rxd5 Qxd5 27. Qc4 Qd1+ 28. Kh2 Qd6+ 29. Kg1 h6 30. h4 Qd1+ 31. Kh2 Qd6+ 32. Kg1 Bf8 33. g3 Qc6 34. Ne5 Qf6 35. Nd3 Qf3 36. Ne5 Qf5 37. Nd3 Qf3 38. Ne5 Qf5 39. Nd3 Qf3 40. Ne5 1/2-1/2

[Event "10th Cesme Open-A 2024"]
[Site "Cesme"]
[Date "2024.06.24"]
[Round "2"]
[White "Yildiz, Serdar Murat"]
[Black "Cilek, Bora"]
[Result "1/2-1/2"]
[ECO "C44"]
[WhiteElo "2026"]
[BlackElo "2242"]
[Annotator "RC"]
[PlyCount "57"]
[EventDate "2024.06.23"]
[EventType "swiss"]
[EventCountry "TUR"]
[SourceTitle "playchess.com"]
[Source "ChessBase"]
[SourceQuality "1"]
[TimeControl "5400+30"]

1. e4 e5 2. Nf3 Nc6 3. Bc4 Bc5 4. d4 exd4 5. Ng5 Nh6 6. Nxf7 Nxf7 7. Bxf7+ Kxf7 8. Qh5+ g6 9. Qxc5 d5 10. O-O dxe4 11. c3 Re8 12. Bf4 Be6 13. Rd1 d3 14. Nd2 Qd5 15. Qxd5 Bxd5 16. Bxc7 e3 17. fxe3 Rxe3 18. c4 Be6 19. Nf1 Re2 20. Rxd3 Rc8 21. Bg3 Bxc4 22. Rd7+ Kg8 23. b3 Be6 24. Rd6 Bf7 25. Rd7 Nb4 26. Re1 Rce8 27. Rxb7 Nxa2 28. Rxe2 Rxe2 29. Rxa7 1/2-1/2

[Event "10th Cesme Open-A 2024"]
[Site "Cesme"]
[Date "2024.06.24"]
[Round "2"]
[White "Ceyhan, Mert"]
[Black "Tarlabasi, Emirhan"]
[Result "0-1"]
[ECO "C01"]
[WhiteElo "2018"]
[BlackElo "2303"]
[Annotator "RC"]
[PlyCount "68"]
[EventDate "2024.06.23"]
[EventType "swiss"]
[EventCountry "TUR"]
[SourceTitle "playchess.com"]
[Source "ChessBase"]
[SourceQuality "1"]
[TimeControl "5400+30"]

1. e4 e6 2. d4 d5 3. Nc3 Bb4 4. exd5 exd5 5. Bd3 Nc6 6. a3 Ba5 7. Nge2 Nge7 8. O-O Bg4 9. f3 Bf5 10. Be3 Qd7 11. Na4 Bb6 12. c3 Bxd3 13. Qxd3 Nxd4 14. Nxb6 Nxe2+ 15. Qxe2 axb6 16. Rfe1 O-O 17. Bxb6 Rfe8 18. Bf2 Ng6 19. Qd2 Qb5 20. Rxe8+ Rxe8 21. Rd1 h6 22. b4 c6 23. Re1 Ra8 24. f4 Qc4 25. Bg3 Rxa3 26. f5 Nh4 27. f6 Ra2 28. Qe3 Rxg2+ 29. Kh1 Qa2 30. Rg1 Qc2 31. Bf2 Qxf2 32. Qxf2 Rxf2 33. Rxg7+ Kf8 34. Rh7 Rf1# 0-1

[Event "10th Cesme Open-A 2024"]
[Site "Cesme"]
[Date "2024.06.24"]
[Round "2"]
[White "Demirbas, Emre"]
[Black "Kamer, Kayra"]
[Result "0-1"]
[ECO "A16"]
[WhiteElo "2012"]
[BlackElo "2316"]
[Annotator "RC"]
[PlyCount "106"]
[EventDate "2024.06.23"]
[EventType "swiss"]
[EventCountry "TUR"]
[SourceTitle "playchess.com"]
[Source "ChessBase"]
[SourceQuality "1"]
[TimeControl "5400+30"]

1. Nf3 g6 2. c4 Bg7 3. Nc3 Nf6 4. b3 Ne4 5. Bb2 Nxc3 6. Bxc3 Bxc3 7. dxc3 d6 8. g3 Nd7 9. Bg2 e5 10. O-O a5 11. Ne1 Qe7 12. Nd3 O-O 13. e4 Nf6 14. Qf3 Bd7 15. c5 dxc5 16. Nxc5 Bc6 17. Rfe1 Qxc5 18. Qxf6 Rad8 19. h4 Rd6 20. Qg5 Qxc3 21. Rac1 Qb2 22. h5 Re8 23. Rcd1 Qa3 24. Bf3 Rxd1 25. Rxd1 Qe7 26. Qd2 a4 27. bxa4 Bxa4 28. Rb1 Rd8 29. Qe3 Bc6 30. Kg2 Rd4 31. h6 Qd6 32. Rb3 Kf8 33. Ra3 Ba4 34. Rc3 c5 35. Qc1 b6 36. Rc4 Bc6 37. Qc2 Ke7 38. a4 Rd2 39. Qb3 Bd7 40. Rc2 Rd3 41. Qc4 Rd4 42. Qa6 Rxa4 43. Qb7 Kf6 44. Rb2 b5 45. Rxb5 Bxb5 46. Qxb5 Ra8 47. Be2 Kg5 48. Qb7 Rf8 49. Bc4 Kxh6 50. Bd5 Kg7 51. Kg1 h5 52. Kg2 Kh6 53. Qb3 f5 0-1